 Dungeon Crawl Stone Soup version 0.28-a0-589-g333b8329f1 (webtiles) character file.

Game seed: 3974646619973909791

80 SolCadguy the Chopper (level 4, -4/35 HPs)
             Began as a Palentonga Warper on Oct 3, 2021.
             Was an Initiate of Okawaru.
             Slain by a river rat (8 damage)
             ... on level 2 of the Dungeon.
             The game lasted 00:06:47 (2740 turns).

SolCadguy the Chopper (Palentonga Warper)           Turns: 2740, Time: 00:06:48

Health: -4/35      AC:  6    Str: 18    XL:     4   Next: 18%
Magic:  6/7        EV:  9    Int: 14    God:    Okawaru [......]
Gold:   70         SH:  0    Dex: 17    Spells: 2/7 levels left

rFire   . . .      SeeInvis +   a - +0 hand axe
rCold   . . .      Faith    .   (no shield)
rNeg    . . .      Spirit   .   b - +0 leather armour
rPois   .          Reflect  .   (no helmet)
rElec   .          Harm     .   (no cloak)
rCorr   .          Rampage  .   h - +1 pair of gloves
Will    .....                   (no barding)
Stlth   +.........              (no amulet)
HPRegen 0.11/turn               g - ring "Cezurusi" {Fly Str+3 Dex+2}
MPRegen 0.10/turn               o - +6 ring of dexterity

@: flying
A: large, rugged brown scales 3, see invisible, deformed body, roll 1, armoured
tail
a: Rolling Charge, Renounce Religion


You were on level 2 of the Dungeon.
You worshipped Okawaru.
Okawaru was noncommittal.
You visited 1 branch of the dungeon, and saw 3 of its levels.

You collected 70 gold pieces.

Inventory:

Hand Weapons
 a - a +0 hand axe (weapon)
 e - a +0 mace
 f - a +1 vampiric dagger
Missiles
 d - 4 boomerangs of dispersal (quivered)
 j - 50 stones
 k - 34 sling bullets
Armour
 b - a +0 leather armour (worn)
 h - a +1 pair of gloves (worn)
Jewellery
 g - the ring "Cezurusi" (left hand) {Fly Str+3 Dex+2}
   (You acquired it on level 1 of the Dungeon)

   [ring of flight]

   Str:       It affects your strength (+3).
   Dex:       It affects your dexterity (+2).
   Fly:       It grants you flight.
 o - a +6 ring of dexterity (right hand)
Scrolls
 c - 2 scrolls of blinking
 i - a scroll of enchant armour
 p - a scroll of amnesia {unknown}
Potions
 l - a potion of attraction
 m - a potion of cancellation
 n - 2 potions of brilliance
 q - a potion of flight
 r - a potion of lignification {unknown}
 s - a potion of curing {unknown}


   Skills:
 - Level 2.0 Fighting
 + Level 4.5 Axes
 - Level 0.6 Throwing
 - Level 0.7 Armour
 - Level 1.5 Dodging
 - Level 2.0 Spellcasting
 - Level 3.0 Translocations


You had 2 spell levels left.
You knew the following spells:

 Your Spells              Type           Power      Damage    Failure   Level
a - Blink                 Tloc           N/A        N/A       12%         2
b - Gell's Gravitas       Tloc           4%         N/A       24%         3

Your spell library contained the following spells:

 Spells                   Type           Power      Damage    Failure   Level
 Lesser Beckoning         Tloc           9%         N/A       24%         3
 Teleport Other           Tloc           9%         N/A       24%         3
 Manifold Assault         Tloc           9%         N/A       92%         5


Dungeon Overview and Level Annotations

Branches:
Dungeon (3/15)

Altars:
Okawaru
Zin


Innate Abilities, Weirdness & Mutations

You are completely covered in rugged brown scales. (AC +3, +7% HP)
You have supernaturally acute eyesight. (SInv)
Armour fits poorly on your strangely shaped body.
You can roll at nearby foes to attack.
You have a long armoured tail.


Message History

The river rat is lightly wounded.
The river rat bites you.
* * * LOW HITPOINT WARNING * * *
Casting: Blink (safe; 12% risk of failure)
Confirm with . or Enter, or press ? or * to list all spells.
You blink.
You aren't carrying any items that you can evoke.
Throw: 5 boomerangs (disperse)
Press: ? - help, Q - select action, (/) - cycle Shift-Dir - straight line, f/p - river rat
Aim: a river rat (lightly wounded, 57% to hit)
You throw a boomerang of dispersal.
The boomerang of dispersal completely misses the river rat.
Your magical contamination has completely faded away.
Okay, then.
The river rat twitches its whiskers.
Roll where?
Press: ? - help, Dir - move target, f/p - river rat
Aim: a river rat You roll forward with a clatter of scales!
You hit the river rat.
The river rat is lightly wounded.
The river rat barely misses you.
You slash the river rat!
The river rat is severely wounded.
The river rat barely misses you.
You hit the river rat but do no damage.
The river rat is severely wounded.
The river rat bites you.
You hit the river rat.
The river rat is almost dead.
The river rat bites you.
* * * LOW HITPOINT WARNING * * *
You hit the river rat but do no damage.
The river rat is almost dead.
The river rat bites you.
* * * LOW HITPOINT WARNING * * *
You closely miss the river rat.
The river rat is almost dead.
The river rat bites you!
You die...

### ###### #.# #.##.# #.# #.##.#
########.# #.##.#
.......#.############.##.########
######.#..........r..............
.........#...########.##.########
######.#.#......@r.......##
.........................>#######
##...#.#....)##.#####.##.........
##...#.#..#...#.#####.##..#####.#
..........#...#.......##..# #.#
###....#..+...............# #.# #
#....#..#...#.......##.### #.#
###....#.....##.......##...# #.#
..............#.......##...# #.#


You could see a river rat.

Vanquished Creatures
  3 adders
  2 worms
  A dart slug (D:2)
  6 endoplasms
  3 giant cockroaches
  6 goblins
  4 hobgoblins
  2 quokkas (D:1)
  5 ball pythons
  2 bats
  2 frilled lizards
  A kobold (D:1)
  8 rats
45 creatures vanquished.

Notes
Turn   | Place    | Note
-------+----------+-------------------------------------------
     0 | D:1      | SolCadguy the Palentonga Warper began the quest for the
                  | Orb.
     0 | D:1      | Reached XP level 1. HP: 17/17 MP: 3/3
   186 | D:1      | Reached XP level 2. HP: 23/23 MP: 5/5
   551 | D:1      | Learned a level 2 spell: Blink
   580 | D:1      | Reached skill level 3 in Axes
  1423 | D:1      | Identified a scroll of acquirement
  1423 | D:1      | Acquired the ring "Cezurusi" {Fly Str+3 Dex+2}
  1490 | D:2      | Reached XP level 3. HP: 26/28 MP: 6/6
  1503 | D:2      | Learned a level 3 spell: Gell's Gravitas
  1710 | D:2      | Found a faded altar of an unknown god.
  2026 | D:2      | Reached skill level 4 in Axes
  2638 | D:3      | Found a glowing silver altar of Zin.
  2645 | D:3      | Found an iron altar of Okawaru.
  2648 | D:3      | Became a worshipper of Warmaster Okawaru
  2673 | D:3      | Reached XP level 4. HP: 35/35 MP: 7/7
  2740 | D:2      | Slain by a river rat

Illustrated notes

Levels and vault maps discovered:
D:1:      dpeg_arrival_fog, layout_basic, chequers_serial_rivers_small_b
D:2:      kennysheep_big_flooded_room, layout_basic,
          hellmonk_ecumenical_altar_leap_of_faith, grunt_ministairs_6
D:3:      layout_loops_ring, kennysheep_orc_sif_temple,
          nicolae_qazlal_scattered_showers, amethyst_overflow_temple_binary,
          lightli_sewer_entry_pipes, nrook_mini_vaults, uniq_ijyb, uniq_grinder

Skill      XL: |  1  2  3 |
---------------+----------+-----
Axes           | 3 4 |  4.5
Fighting       | |  2.0
Throwing       | |  0.6
Armour         | |  0.7
Dodging        | |  1.5
Spellcasting   | |  2.0
Translocations | |  3.0

Action                   |  1- 3 |  4- 6 || total
-------------------------+-------+-------++-------
Melee: Hand axe          |   112 |    22 ||   134
       Tailslap          |    10 |     3 ||    13
Throw: Boomerang         |       |     1 ||     1
 Cast: Blink             |     1 |     2 ||     3
 Abil: Rolling Charge    |    24 |     2 ||    26
  Use: Scroll            |     6 |       ||     6
Armor: Leather armour    |    27 |     6 ||    33
Dodge: Dodged            |    28 |     7 ||    35

Table legend: (Time is in decaauts)
 A = Elapsed time spent in this place.
 B = Non-inter-level travel time spent in this place.
 C = Inter-level travel time spent in this place.
 D = Time resting spent in this place.
 E = Time spent auto-exploring this place.
 F = Levels seen in this place.
 G = Mean time per level.
                   A        B        C        D        E       F      G
               +--------+--------+--------+--------+--------+-----+--------+
         Total |   2759 |   2675 |     84 |    834 |   1393 |   3 |  919.7 |
       Dungeon |   2759 |   2675 |     84 |    834 |   1393 |   3 |  919.7 |
               +--------+--------+--------+--------+--------+-----+--------+

Top non-repeatable levels by time:
     D:1: 1489 daAuts
     D:2: 1038 daAuts
     D:3: 230 daAuts
